 Dungeon Crawl Stone Soup version 0.28-a0-863-g8cecda6153 (webtiles) character file.

Game seed: 74631678414424897

1861 pokeman the Thaumaturge (level 8, -3/44 HPs)
             Began as a Deep Elf Hedge Wizard on Nov 17, 2021.
             Was an Initiate of Vehumet.
             Slain by a human (16 damage)
             ... on level 6 of the Dungeon.
             The game lasted 00:11:40 (6063 turns).

pokeman the Thaumaturge (Deep Elf Hedge Wizard)     Turns: 6063, Time: 00:11:42

Health: -3/44      AC:  5    Str:  7    XL:     8   Next: 89%
Magic:  20/24      EV: 13    Int: 22    God:    Vehumet [......]
Gold:   250        SH:  0    Dex: 20    Spells: 17/28 levels left

rFire   + + .      SeeInvis .   w - +4 dagger
rCold   . . .      Faith    .   (no shield)
rNeg    . . .      Spirit   .   j - +2 leather armour {Will+}
rPois   .          Reflect  .   c - +0 hat
rElec   .          Harm     .   e - scarf {rC+ rF+}
rCorr   .          Rampage  .   (no gloves)
Will    +....                   (no boots)
Stlth   +++.......              A - amulet of magic regeneration
HPRegen 0.14/turn               l - ring of fire
MPRegen 0.44/turn               g - +6 ring of dexterity

@: no status effects
A: no striking features
a: Renounce Religion


You were on level 6 of the Dungeon.
You worshipped Vehumet.
Vehumet was noncommittal.
You visited 2 branches of the dungeon, and saw 7 of its levels.

You collected 250 gold pieces.

Inventory:

Hand Weapons
 v - a +0 shortbow
 w - a +4 dagger (weapon)
Missiles
 b - 24 arrows
 o - 15 bolts
Armour
 c - a +0 hat (worn)
 e - a scarf of resistance (worn)
 j - a +2 leather armour of willpower (worn)
Jewellery
 g - a +6 ring of dexterity (right hand)
 i - a ring of fire
 l - a ring of fire (left hand)
 p - a ring of see invisible
 y - a ring of protection from cold
 A - an amulet of magic regeneration (around neck)
Scrolls
 h - 3 scrolls of teleportation {unknown}
 n - a scroll of acquirement {unknown}
 q - a scroll of fog {unknown}
 r - a scroll of immolation {unknown}
 t - 3 scrolls of identify {unknown}
 u - a scroll of amnesia {unknown}
 x - a scroll of noise {unknown}
 z - a scroll of enchant armour {unknown}
Potions
 a - a potion of resistance {unknown}
 d - 2 potions of lignification {unknown}
 f - a potion of attraction {unknown}
 k - a potion of brilliance {unknown}
 m - a potion of flight {unknown}
 s - a potion of degeneration {unknown}


   Skills:
 - Level 2.0 Fighting
 + Level 2.3 Armour
 - Level 3.2 Dodging
 - Level 4.3 Stealth
 * Level 10.5 Spellcasting
 + Level 5.6 Conjurations
 - Level 1.1 Summonings
 - Level 1.1 Translocations
 + Level 3.5 Fire Magic
 - Level 1.0 Air Magic
 - Level 3.0 Poison Magic


You had 17 spell levels left.
You knew the following spells:

 Your Spells              Type           Power      Damage    Failure   Level
a - Magic Dart            Conj           100%       1d8       1%          1
b - Mephitic Cloud        Conj/Pois/Air  26%        N/A       7%          3
c - Call Imp              Summ           16%        N/A       9%          2
d - Blink                 Tloc           32%        N/A       9%          2
e - Conjure Flame         Conj/Fire      47%        6-21      3%          3

Your spell library contained the following spells:

 Spells                   Type           Power      Damage    Failure   Level
 Static Discharge         Conj/Air       26%        N/A       3%          2
 Poisonous Vapours        Pois/Air       40%        N/A       5%          2
 Slow                     Hex            44%        N/A       9%          1
 Corpse Rot               Necr/Air       26%        N/A       10%         2
 Sticky Flame             Conj/Fire      47%        2d6       13%         4
 Gell's Gravitas          Tloc           16%        N/A       16%         3
 Lesser Beckoning         Tloc           16%        N/A       16%         3
 Teleport Other           Tloc           16%        N/A       16%         3
 Dispel Undead            Necr           11%        3d9       63%         4


Dungeon Overview and Level Annotations

Branches:
Dungeon (6/15)             Temple (1/1) D:5

Altars:
Ashenzari
Fedhas
Gozag
Hepliaklqana
Kikubaaqudgha
Nemelex Xobeh
Okawaru
Qazlal
Uskayaw
Vehumet
Xom
Zin
The Shining One

Shops:
D:3 (   D:5 *

Annotations:
D:3 Loot behind grate


Message History

A human is nearby!
The human is engulfed in noxious fumes.
The human appears confused.
You hit the human but do no damage.
The human is severely wounded.
The human is engulfed in blazing flames.
The human hits you with a +0 club.
* * * LOW HITPOINT WARNING * * *
Unknown command.
You hit the human.
You kill the human!
Vehumet accepts your kill.
Unknown command.
You start resting.
Magic restored.
You start resting.
Your crimson imp disappears in a puff of smoke!
A human comes into view. It is wielding a +0 flail.
Items here: ( )) [[.
Casting: Mephitic Cloud (dangerous; 7% risk of failure)
Confirm with . or Enter, or press ? or * to list all spells.
You feel a surge of power!
The fire begins to smoulder!
The human shouts!
The fire ignites!
There is a stone staircase leading up here.
Casting: Conjure Flame (dangerous; 3% risk of failure)
Confirm with . or Enter, or press ? or * to list all spells.
Aiming: Mephitic Cloud (dangerous; 7% risk of failure)
Press: ? - help, Shift-Dir - straight line, f - human
Aim: a human, wielding a +0 flail and wearing a +0 ring mail (chance to affect: 72%)
The ball explodes into a vile cloud!
The stinking cloud engulfs the human but does no damage.
The human is engulfed in noxious fumes.
The human appears confused.
Unknown command.
You catch the helpless human completely off-guard!
You puncture the human!
The human is moderately wounded.
The human is engulfed in blazing flames.
The human says, "I'm a little confused."
The human hits you with a +0 flail!
You die...

### ..# #.#
#.# .. #.#
...# #.# ...#.
#.# #...
#@#####
#....###p....#
#..#.°☼###>#
#..p○☼####.#
#.......!..#
#...#<..####
#..))...#
#...#)..#
#)#.......


You could see a human (confused).

Vanquished Creatures
  A two-headed ogre (D:4)
  3 humans (D:6)
  An orc warrior (D:5)
  2 black bears (D:5)
  A centaur (D:4)
  A scorpion (D:5)
  A water moccasin skeleton (D:5)
  A hound (D:5)
  3 orc priests
  2 centaur skeletons
  A scorpion zombie (D:5)
  A hound skeleton (D:5)
  11 adders
  A white imp (D:6)
  A worm (D:4)
  2 dart slugs (D:2)
  10 orcs
  7 endoplasms
  7 giant cockroaches
  3 goblins
  6 hobgoblins
  9 kobolds
  A quokka (D:1)
  8 ball pythons
  3 bats
  4 frilled lizards
  5 rats
96 creatures vanquished.

Vanquished Creatures (collateral kills)
  4 jackals (D:2)
4 creatures vanquished.

Grand Total: 100 creatures vanquished

Notes
Turn   | Place    | Note
-------+----------+-------------------------------------------
     0 | D:1      | pokeman the Deep Elf Hedge Wizard began the quest for the
                  | Orb.
     0 | D:1      | Reached XP level 1. HP: 10/10 MP: 7/7
   271 | D:1      | Reached XP level 2. HP: 15/15 MP: 6/9
   359 | D:1      | Found a faded altar of an unknown god.
   837 | D:1      | Reached skill level 5 in Spellcasting
  1165 | D:1      | Reached XP level 3. HP: 20/20 MP: 8/11
  1171 | D:1      | Learned a level 3 spell: Mephitic Cloud
  1174 | D:1      | Learned a level 2 spell: Call Imp
  1177 | D:1      | Learned a level 2 spell: Blink
  1181 | D:1      | Learned a level 3 spell: Conjure Flame
  1870 | D:2      | Reached skill level 1 in Fighting
  1870 | D:2      | Reached skill level 1 in Armour
  2225 | D:2      | Reached XP level 4. HP: 25/25 MP: 7/13
  2968 | D:3      | Found a glowing silver altar of Zin.
  3466 | D:3      | Found Plog's Weapon Shoppe.
  3614 | D:4      | Reached skill level 1 in Fire Magic
  4024 | D:4      | Noticed a centaur
  4052 | D:4      | Killed a centaur
  4053 | D:4      | Reached skill level 6 in Spellcasting
  4053 | D:4      | Reached skill level 1 in Air Magic
  4053 | D:4      | Reached XP level 5. HP: 6/29 MP: 0/15
  4497 | D:4      | Noticed a two-headed ogre
  4529 | D:4      | Killed a two-headed ogre
  4530 | D:4      | Reached skill level 8 in Spellcasting
  4530 | D:4      | Reached XP level 6. HP: 34/34 MP: 2/19
  4530 | D:4      | Reached XP level 7. HP: 38/38 MP: 2/20
  4819 | D:5      | Entered Level 5 of the Dungeon
  4910 | D:5      | Found Avoeni Otsi's Overcharged Wands.
  5022 | D:5      | Reached skill level 9 in Spellcasting
  5022 | D:5      | Reached XP level 8. HP: 31/44 MP: 17/23
  5283 | D:5      | Found a staircase to the Ecumenical Temple.
  5292 | Temple   | Entered the Ecumenical Temple
  5326 | Temple   | Became a worshipper of Vehumet
  5511 | D:5      | Reached skill level 5 in Conjurations
  5986 | D:6      | Reached skill level 10 in Spellcasting
  6063 | D:6      | Slain by a human

Illustrated notes

Levels and vault maps discovered:
D:1:      minmay_arrival_glassed_features, layout_basic,
          ebering_ecumenical_altar_rust, minmay_tiny_reverse_x
D:2:      layout_loops_corners, serial_bayou, serial_bayou_pond_e,
          serial_bayou_pond_e, serial_bayou_shore_b, serial_bayou_pond_a
D:3:      layout_basic, zin_scriptorium, serial_shops, nicolae_diamond_shop
D:4:      layout_rooms
D:5:      layout_loops_cross, minmay_temple_entry_antechambers, st_stairs_3,
          grunt_ministairs_2, nicolae_shop_overcharged_wands
D:6:      layout_basic, serial_glass, glass_columns_a, glass_columns_b,
          chequers_serial_rivers_large_b, minmay_ruffians
Temple:   compressed_dpeg_triangle_lava_temple

Skill      XL: |  1  2  3  4  5  6  7  8 |
---------------+-------------------------+-----
Spellcasting   | 5 6 8 9 10 | 10.5
Conjurations   | 2 4 5 |  5.6
Fighting       | 1 2 |  2.0
Armour         | 1 2 |  2.3
Fire Magic     | 1 3 |  3.5
Dodging        | 3 |  3.2
Air Magic      | 1 |  1.0
Stealth        | 4 |  4.3
Poison Magic   | 2 3 |  3.0
Summonings     | |  1.1
Translocations | |  1.1

Action                   |  1- 3 |  4- 6 |  7- 9 || total
-------------------------+-------+-------+-------++-------
Melee: Dagger            |    10 |       |    48 ||    58
       Mace              |       |     3 |       ||     3
 Fire: Shortbow          |       |     4 |       ||     4
 Cast: Magic Dart        |    94 |    71 |    40 ||   205
       Call Imp          |     1 |       |     1 ||     2
       Conjure Flame     |       |     5 |    11 ||    16
       Mephitic Cloud    |       |     2 |    10 ||    12
 Stab: Sleeping          |       |     1 |       ||     1
       Confused          |       |       |     7 ||     7
Armor: Leather armour    |     8 |     2 |    23 ||    33
Dodge: Dodged            |    23 |    12 |    34 ||    69

Table legend: (Time is in decaauts)
 A = Elapsed time spent in this place.
 B = Non-inter-level travel time spent in this place.
 C = Inter-level travel time spent in this place.
 D = Time resting spent in this place.
 E = Time spent auto-exploring this place.
 F = Levels seen in this place.
 G = Mean time per level.
                   A        B        C        D        E       F      G
               +--------+--------+--------+--------+--------+-----+--------+
         Total |   6065 |   5867 |    198 |    124 |   5008 |   7 |  866.4 |
       Dungeon |   6013 |   5829 |    184 |    124 |   4986 |   6 | 1002.2 |
        Temple |     52 |     38 |     14 |      0 |     22 |   1 |   52.0 |
               +--------+--------+--------+--------+--------+-----+--------+

Top non-repeatable levels by time:
     D:1: 1286 daAuts
     D:4: 1213 daAuts
     D:2: 1162 daAuts
     D:3: 1158 daAuts
     D:5: 1060 daAuts
     D:6: 131 daAuts
  Temple: 52 daAuts
